 Dungeon Crawl Stone Soup version 0.22-a0-443-g17c3723 (webtiles) character file.

224 incide the Skirmisher (level 6, -1/40 HPs)
             Began as a Gargoyle Wanderer on May 31, 2018.
             Killed by divine providence
             ... invoked by an orc priest
              (13 damage)
             ... on level 3 of the Dungeon.
             The game lasted 00:09:46 (2480 turns).

incide the Skirmisher (Gargoyle Wanderer)           Turns: 2480, Time: 00:09:47

Health: -1/40      AC:  9    Str: 17    XL:     6   Next: 0%
Magic:  6/6        EV: 11    Int: 14    God:
Gold:   159        SH:  0    Dex:  8    Spells: 3/5 levels left

rFire    . . .     SeeInvis .   a - +0 hand axe
rCold    + . .     Gourm    .   (no shield)
rNeg     + . .     Faith    .   v - +0 ring mail
rPois    ∞         Spirit   .   (no helmet)
rElec    +         Reflect  .   (no cloak)
rCorr    .         Harm     +   (no gloves)
MR       .....                  (no boots)
Stlth    +.........             y - amulet of harm
HPRegen  0.13/turn              A - ring of protection from cold
MPRegen  0.10/turn              (no ring)

@: no status effects
A: negative energy resistance 1, electricity resistance, unbreathing,
petrification resistance, rot immunity, AC +4
a: no special abilities


You were on level 3 of the Dungeon.
You were hungry.

You visited 1 branch of the dungeon, and saw 4 of its levels.

You collected 159 gold pieces.

Inventory:

Hand Weapons
 a - a +0 hand axe (weapon)
 b - a +2 hand crossbow
 f - a +0 dagger
 l - a +0 spear
 o - a +0 rapier
Missiles
 n - 16 poisoned needles
 q - 42 bolts
Armour
 e - a +0 robe
 r - a +0 scale mail
 s - a +0 scale mail
 t - a +0 leather armour
 v - a +0 ring mail (worn)
Jewellery
 y - an amulet of harm (around neck)
 A - a ring of protection from cold (left hand)
Wands
 p - a wand of random effects (24)
Scrolls
 c - 4 scrolls of teleportation
 j - 3 scrolls of remove curse {unknown}
 k - a scroll of amnesia {unknown}
 m - a scroll of enchant weapon {unknown}
 x - 2 scrolls of identify {unknown}
Potions
 d - 3 potions of curing
 h - a potion of berserk rage {unknown}
 i - a potion of might {unknown}
 u - 2 potions of mutation {unknown}
 w - 2 potions of flight {unknown}
Comestibles
 g - 3 rations
 z - 2 chunks of flesh {@w1}


   Skills:
 - Level 5.2 Fighting
 + Level 3.1 Axes
 - Level 1.0 Crossbows
 - Level 1.7 Armour
 - Level 2.4 Dodging
 - Level 2.1 Stealth
   Level 2.1 Shields


You had 3 spell levels left.
You knew the following spells:

 Your Spells              Type           Power        Failure   Level  Hunger
a - Blink                 Tloc           N/A          61%         2    ###....

Your spell library contained the following spells:

 Spells                   Type           Power        Failure   Level  Hunger
 Magic Dart               Conj           #...         45%         1    ##.....
 Conjure Flame            Conj/Fire      #.......     83%         3    ####...
 Slow                     Hex            #.......     61%         2    ###....
 Mephitic Cloud           Conj/Pois/Air  #.......     83%         3    ####...
 Call Imp                 Summ           #.......     61%         2    ###....


Dungeon Overview and Level Annotations

Branches:
Dungeon (4/15)
 Temple: D:4-7

Altars:
Elyvilon
Hepliaklqana
Qazlal

Annotations:
D:4 Qupu's ghost, novice MiCK


Innate Abilities, Weirdness & Mutations

You are resistant to torment.
Your stone body is resilient. (AC +4)
You are immune to poison.
You resist negative energy. (rN+)
You are resistant to electric shocks. (rElec)
You can survive without breathing.
You are immune to petrification.
You are immune to rotting.


Message History

The orc hits you but does no damage. The orc barely misses you.
You hit the hobgoblin.
The hobgoblin is almost dead.
The hobgoblin hits you but does no damage.
You hit the hobgoblin.
You kill the hobgoblin!
The orc hits you.
* * * LOW HITPOINT WARNING * * *
You slash the orc!
You kill the orc!
You have reached level 6!
Your experience leads to an increase in your attributes!
Increase (S)trength, (I)ntelligence, or (D)exterity?
You feel clever. The orc hits you but does no damage.
You are feeling hungry.
The orc priest looks braver for a moment.
The orc priest calls down the wrath of Beogh upon you.
Beogh smites you!
You die...

#.# ###.......#.##.#.# ##
#.# #.#...#.#.##.#.# # #.#
#.#...#..o.....# #
#.######.#####.#.....###.#
#.....)..#####.#...#.....#
########.......#o#...###
#######.#.#..## #.#.#.##
#.#@#[# #.#.#(#
######.#.#.# #..........#
#.####...### #.# #..## #.#
#..# ##.## #..####.##
##...###.........


You could see an orc priest and an orc.

Vanquished Creatures
  An orc wizard (D:3)
  Terence (D:2)
  Jessica (D:3)
  A hound skeleton (D:4)
  4 adders
  A shadow imp (D:3)
  An ooze (D:2)
  3 worms
  4 dart slugs
  3 leopard geckos
  5 orcs (D:3)
  A ball python (D:3)
  2 bats
  5 goblins
  5 hobgoblins
  4 jackals (D:3)
  3 quokkas (D:3)
  6 frilled lizards
  5 kobolds
  6 rats
62 creatures vanquished.

Notes
Turn   | Place    | Note
-------+----------+-------------------------------------------
     0 | D:1      | incide the Gargoyle Wanderer began the quest for the Orb.
     0 | D:1      | incide set off with: a +2 hand crossbow, 23 bolts, a scroll of teleportation, a potion of curing, a +0 robe, a +0 dagger, a ration
     0 | D:1      | Reached XP level 1. HP: 16/16 MP: 1/1
    44 | D:1      | Reached XP level 2. HP: 12/20 MP: 2/2
   219 | D:1      | Reached skill level 2 in Dodging
   504 | D:2      | Reached XP level 3. HP: 18/24 MP: 3/3
   525 | D:2      | Found a hazy altar of Hepliaklqana.
   593 | D:2      | Noticed Terence
   604 | D:2      | Killed Terence
   604 | D:2      | Reached skill level 5 in Fighting
   604 | D:2      | Reached XP level 4. HP: 28/31 MP: 4/4
   718 | D:2      | Found a white marble altar of Elyvilon.
  1007 | D:2      | Reached skill level 1 in Armour
  1618 | D:3      | Learned a level 2 spell: Blink
  1663 | D:3      | Reached skill level 1 in Axes
  1663 | D:3      | Reached XP level 5. HP: 16/35 MP: 5/5
  1890 | D:3      | Noticed Jessica
  1901 | D:3      | Reached skill level 2 in Axes
  1912 | D:3      | Killed Jessica
  2043 | D:4      | Noticed Qupu's ghost (novice MiCK)
  2322 | D:3      | Reached skill level 3 in Axes
  2400 | D:3      | Noticed a fire elemental
  2401 | D:3      | Found a stormy altar of Qazlal.
  2403 | D:3      | Noticed an air elemental
  2403 | D:3      | Noticed a water elemental
  2469 | D:3      | Reached XP level 6. HP: 11/40 MP: 6/6
  2480 | D:3      | Killed from afar by an orc priest

Vault maps used:
D:1:      minmay_arrival_arboretum_large
D:2:      lemuel_doored_altar, old_standard_altar, first_ration, uniq_terence
D:3:      nicolae_qazlal_style_of_elements, uniq_jessica

Skill      XL: |  1  2  3  4  5 |
---------------+----------------+-----
Dodging        | 2 |  2.4
Fighting       | 5 |  5.2
Armour         | 1 |  1.7
Axes           | 1 3 |  3.1
Crossbows      | |  1.0
Stealth        | |  2.1
Shields        | |  2.1

Action                   |  1- 3 |  4- 6 || total
-------------------------+-------+-------++-------
Melee: Dagger            |    62 |       ||    62
       Rapier            |    10 |       ||    10
       Hand axe          |       |   197 ||   197
 Fire: Hand crossbow     |    10 |    12 ||    22
 Stab: Sleeping          |     1 |       ||     1
  Eat: Chunk             |       |     5 ||     5
Armor: Robe              |    18 |       ||    18
       Ring mail         |       |    99 ||    99
Dodge: Dodged            |    42 |   116 ||   158

Table legend:
 A = Spawn XP
 B = Non-spawn XP
 C = Spawn XP percentage of total XP
 D = Spawn monster count
 E = Non-spawn monster count
 F = Spawn count percentage of total count
 G = Total turns spent on level
                    A         B        C        D         E        F      G
               +---------+---------+-------+---------+---------+-------+---------
         Total |       0 |     321 |   0.0 |       0 |      62 |   0.0 |  2480
               +---------+---------+-------+---------+---------+-------+---------
           D:1 |       0 |      31 |   0.0 |       0 |      15 |   0.0 |   479
           D:2 |       0 |     104 |   0.0 |       0 |      18 |   0.0 |   855
           D:3 |       0 |     167 |   0.0 |       0 |      27 |   0.0 |  1046
           D:4 |       0 |      19 |   0.0 |       0 |       2 |   0.0 |   100
               +---------+---------+-------+---------+---------+-------+---------
